 Dungeon Crawl Stone Soup version 0.28-a0-479-g5baa6b73be (webtiles) character file.

Game seed: 8092431603530392772

583 speeev33 the Vandal (level 7, -5/64 HPs)
             Began as a Minotaur Hunter on Sept 19, 2021.
             Slain by an ogre (28 damage)
             ... on level 5 of the Dungeon.
             The game lasted 00:06:20 (4635 turns).

speeev33 the Vandal (Minotaur Hunter)               Turns: 4635, Time: 00:06:21

Health: -5/64      AC:  6    Str: 25    XL:     7   Next: 14%
Magic:  6/6        EV: 10    Int:  8    God:
Gold:   144        SH:  0    Dex: 10    Spells: 6/6 levels left

rFire   . . .      SeeInvis .   a - +1 hunting sling
rCold   + . .      Faith    .   (no shield)
rNeg    . . .      Spirit   .   n - +0 scale mail
rPois   .          Reflect  .   (helmet restricted)
rElec   .          Harm     .   (no cloak)
rCorr   .          Rampage  .   (no gloves)
Will    .....                   (no boots)
Stlth   ..........              (no amulet)
HPRegen 0.20/turn               f - ring of protection from cold
MPRegen 0.10/turn               c - +6 ring of strength

@: no status effects
A: horns 2, retaliatory headbutt
a: no special abilities


You were on level 5 of the Dungeon.
You visited 1 branch of the dungeon, and saw 5 of its levels.

You collected 144 gold pieces.

Inventory:

Hand Weapons
 a - a +1 hunting sling (weapon)
 b - a +0 short sword
Missiles
 d - 33 sling bullets
 e - 133 stones (quivered ammo)
Armour
 n - a +0 scale mail (worn)
Jewellery
 c - a +6 ring of strength (right hand)
 f - a ring of protection from cold (left hand)
 o - a ring of positive energy
Wands
 m - a wand of flame (10)
Scrolls
 j - 3 scrolls of teleportation
 l - 3 scrolls of enchant armour
Potions
 g - 2 potions of curing
 h - 2 potions of mutation {unknown}
 i - a potion of attraction {unknown}
 k - 2 potions of heal wounds
 p - a potion of magic {unknown}


   Skills:
 + Level 6.9 Fighting
 + Level 7.4 Slings
 - Level 2.1 Dodging
 - Level 0.7 Stealth


You had 6 spell levels left.
You didn't know any spells.
Your spell library contained the following spells:

 Spells                   Type           Power      Damage    Failure   Level
 Magic Dart               Conj           0%         1d3       71%         1
 Searing Ray              Conj           0%         2d4       85%         2
 Fulminant Prism          Conj/Hex       0%         3d6       100%        4


Dungeon Overview and Level Annotations

Branches:
Dungeon (5/15)
 Temple: D:4-7

Altars:
Dithmenos
Gozag
Qazlal
Sif Muna
Trog
Uskayaw
Vehumet
Xom

Shops:
D:4 !


Innate Abilities, Weirdness & Mutations

You have a pair of horns on your head.
You reflexively headbutt those who attack you in melee.


Message History

You headbutt the black bear. The black bear claws you.
The black bear misses you.
Fire: 139 stones
Press: ? - help, Q - select action, (/) - cycle Shift-Dir - straight line, f/p - black bear
Aim: a black bear (almost dead, berserk, 71% to hit)
You shoot a stone. The stone barely misses the black bear.
The stone closely misses the ogre.
The black bear closely misses you. The black bear claws you. x2
Fire: 138 stones
Press: ? - help, Q - select action, (/) - cycle Shift-Dir - straight line, f/p - black bear
Aim: a black bear (almost dead, berserk, 71% to hit)
You shoot a stone. The stone hits the black bear.
You kill the black bear!
You have reached level 7!
Unknown command.
Fire: 137 stones
Press: ? - help, Q - select action, (/) - cycle Shift-Dir - straight line, f - ogre
Aim: an ogre, wielding a +0 giant spiked club (77% to hit)
You shoot a stone. The stone closely misses the ogre.
The ogre hits you with a +0 giant spiked club!
Unknown command.
Fire: 136 stones
Press: ? - help, Q - select action, (/) - cycle Shift-Dir - straight line, f/p - ogre
Aim: an ogre, wielding a +0 giant spiked club (77% to hit)
You shoot a stone. The stone hits the ogre!
The ogre is moderately wounded.
The ogre hits you with a +0 giant spiked club!
Fire: 135 stones
Press: ? - help, Q - select action, (/) - cycle Shift-Dir - straight line, f/p - ogre
Aim: an ogre, wielding a +0 giant spiked club (moderately wounded, 77% to hit)
You shoot a stone. The stone hits the ogre.
The ogre is moderately wounded.
Unknown command.
Fire: 134 stones
Press: ? - help, Q - select action, (/) - cycle Shift-Dir - straight line, f/p - ogre
Aim: an ogre, wielding a +0 giant spiked club (moderately wounded, 77% to hit)
You shoot a stone. The stone hits the ogre.
The ogre is heavily wounded.
The ogre hits you with a +0 giant spiked club!!
You die...

#############
##...<.#.....##
##.............# ##
#............... . ..
#.!.............
....#.###?..............
#....@O.....(.........
##...##.........(.....
#.## ##...........>.# #
##......#.......
###..##...########
#................
#...##...........
......#............. ..
##.####.............


You could see an ogre.

Vanquished Creatures
  2 black bears
  2 electric eels (D:3)
  A jelly (D:4)
  A hound (D:4)
  An orc priest (D:3)
  An iguana (D:4)
  An orc wizard (D:3)
  3 gnolls (D:3)
  A howler monkey skeleton (D:4)
  4 adders
  A shadow imp (D:5)
  An adder skeleton (D:4)
  4 worms
  A dart slug (D:1)
  3 orcs
  8 endoplasms
  3 giant cockroaches (D:4)
  8 hobgoblins
  A jackal (D:3)
  A quokka (D:1)
  9 ball pythons
  11 bats
  2 frilled lizards (D:2)
  7 goblins
  9 kobolds
  6 rats
92 creatures vanquished.

Vanquished Creatures (others)
  A plant (D:3)
1 creature vanquished.

Grand Total: 93 creatures vanquished

Notes
Turn   | Place    | Note
-------+----------+-------------------------------------------
     0 | D:1      | speeev33 the Minotaur Hunter began the quest for the Orb.
     0 | D:1      | Reached XP level 1. HP: 18/18 MP: 0/0
   108 | D:1      | Found a faded altar of an unknown god.
   163 | D:1      | Reached XP level 2. HP: 25/25 MP: 1/1
   669 | D:1      | Reached skill level 5 in Slings
   669 | D:1      | Reached XP level 3. HP: 31/31 MP: 2/2
  1478 | D:2      | Found a shimmering altar of Xom.
  1671 | D:3      | Reached XP level 4. HP: 39/40 MP: 3/3
  1868 | D:3      | Found a shimmering blue altar of Sif Muna.
  2034 | D:3      | Reached XP level 5. HP: 47/47 MP: 4/4
  2070 | D:3      | Found a transporter.
  2200 | D:3      | Found a transporter.
  2771 | D:3      | HP: 1/47 [electric eel/bolt of electricity (12)]
  3079 | D:3      | Reached skill level 5 in Fighting
  3079 | D:3      | Reached skill level 6 in Slings
  3301 | D:3      | Reached XP level 6. HP: 46/56 MP: 5/5
  3745 | D:4      | Reached skill level 7 in Slings
  3969 | D:4      | Found Wagoorch's Distillery.
  4518 | D:5      | Entered Level 5 of the Dungeon
  4572 | D:5      | Found an opulent altar of Gozag.
  4572 | D:5      | Found a radiant altar of Vehumet.
  4574 | D:5      | Found a hide-covered altar of Uskayaw.
  4574 | D:5      | Found a stormy altar of Qazlal.
  4574 | D:5      | Found a shadowy altar of Dithmenos.
  4574 | D:5      | Found a bloodstained altar of Trog.
  4632 | D:5      | Reached XP level 7. HP: 44/64 MP: 6/6
  4635 | D:5      | Slain by an ogre

Illustrated notes

Levels and vault maps discovered:
D:1:      erik_arrival_triangle_small, layout_basic,
          shapermc_ecumenical_altar_starsandcircs
D:2:      layout_basic, basic_altar
D:3:      gammafunk_steamed_eel, layout_rooms, mainiacjoe_overflow_alcove_1,
          minmay_diced_spiral
D:4:      layout_loops_ring, serial_shops, shop, due_unseen_surprise
D:5:      layout_rooms, grunt_temple_overflow_open

Skill      XL: |  1  2  3  4  5  6 |
---------------+-------------------+-----
Fighting       | 3 4 5 6 |  6.9
Slings         | 5 6 7 |  7.4
Dodging        | |  2.1
Stealth        | |  0.7

Action                   |  1- 3 |  4- 6 |  7- 9 || total
-------------------------+-------+-------+-------++-------
Melee: Short sword       |     3 |       |       ||     3
       Headbutt          |     1 |       |       ||     1
 Fire: Hunting sling     |   124 |   177 |     4 ||   305
  Use: Scroll            |     1 |     6 |       ||     7
Armor: Leather armour    |     2 |       |       ||     2
       Ring mail         |     7 |     9 |       ||    16
       Scale mail        |       |    12 |       ||    12
Dodge: Dodged            |    23 |    30 |       ||    53

Table legend: (Time is in decaauts)
 A = Elapsed time spent in this place.
 B = Non-inter-level travel time spent in this place.
 C = Inter-level travel time spent in this place.
 D = Time resting spent in this place.
 E = Time spent auto-exploring this place.
 F = Levels seen in this place.
 G = Mean time per level.
                   A        B        C        D        E       F      G
               +--------+--------+--------+--------+--------+-----+--------+
         Total |   4610 |   4415 |    195 |   1111 |   2653 |   5 |  922.0 |
       Dungeon |   4610 |   4415 |    195 |   1111 |   2653 |   5 |  922.0 |
               +--------+--------+--------+--------+--------+-----+--------+

Top non-repeatable levels by time:
     D:3: 1655 daAuts
     D:4: 1129 daAuts
     D:1: 1016 daAuts
     D:2: 696 daAuts
     D:5: 112 daAuts
